 Dungeon Crawl Stone Soup version 0.26-a0-8-gc4d20be10f (webtiles) character file.

Game seed: 13773601466731474899, levelgen mode: deterministic

63 Radical100 the Sneak (level 3, 0/16 HPs)
             Began as a Spriggan Earth Elementalist on May 24, 2020.
             Slain by an orc
             ... wielding a +0 short sword
              (5 damage)
             ... on level 2 of the Dungeon on May 25, 2020.
             The game lasted 00:10:22 (2317 turns).

Radical100 the Sneak (Spriggan Earth Elementalist)  Turns: 2317, Time: 00:10:22

Health: 0/16       AC:  2    Str:  4    XL:     3   Next: 89%
Magic:  9/9        EV: 19    Int: 17    God:
Gold:   141        SH:  0    Dex: 16    Spells: 5/9 levels left

rFire    . . .     SeeInvis +   b - +1 hunting sling
rCold    . . .     Gourm    .   (shield restricted)
rNeg     . . .     Faith    .   c - +0 robe
rPois    .         Spirit   .   (helmet restricted)
rElec    .         Reflect  .   (no cloak)
rCorr    .         Harm     .   (gloves unavailable)
MR       .....                  (boots unavailable)
Stlth    +++.......             t - amulet of magic regeneration
HPRegen  0.05/turn              (no ring)
MPRegen  0.36/turn              (no ring)

@: very quick
A: very small, unfitting armour, see invisible, herbivore, speed 3, slow
metabolism 2
a: no special abilities


You were on level 2 of the Dungeon.
You were not hungry.

You visited 1 branch of the dungeon, and saw 4 of its levels.

You collected 141 gold pieces.

Inventory:

Hand Weapons
 a - a +0 dagger
 b - a +1 hunting sling (weapon)
Missiles
 g - 102 stones (quivered)
 k - 2 curare-tipped darts
Armour
 c - a +0 robe (worn)
Jewellery
 p - an uncursed amulet of guardian spirit {unknown}
 t - an amulet of magic regeneration (around neck)
Wands
 q - a wand of clouds (6)
Scrolls
 f - a scroll of random uselessness
 j - 2 scrolls of remove curse
 o - a scroll of blinking {unknown}
 s - a scroll of amnesia {unknown}
Potions
 e - a potion of mutation {unknown}
 m - a potion of experience {unknown}
 r - a potion of haste {unknown}
Comestibles
 d - 2 rations


   Skills:
 + Level 3.9 Dodging
 + Level 4.1 Stealth
 + Level 3.5 Spellcasting
   Level 1.3 Transmutations
 + Level 3.1 Earth Magic
 + Level 0.8 Evocations


You had 5 spell levels left.
You knew the following spells:

 Your Spells              Type           Power        Failure   Level  Hunger
a - Sandblast             Erth           ##....       4%          1    None
b - Stone Arrow           Conj/Erth      #.....       26%         3    ###....

Your spell library contained the following spells:

 Spells                   Type           Power        Failure   Level  Hunger
 Passwall                 Tmut/Erth      ##......     10%         2    ##.....
 Petrify                  Tmut/Erth      ##......     54%         4    ####...
 Lee's Rapid Deconstruct  Erth           ##........   77%         5    ######.


Dungeon Overview and Level Annotations

Branches:
Dungeon (4/15)
 Temple: D:4-7

Altars:
Elyvilon
Fedhas
Kikubaaqudgha


Innate Abilities, Weirdness & Mutations

You are very small and have problems with some larger weapons.
You are too small for most types of armour.
You have supernaturally acute eyesight. (SInv)
You are a herbivore.
You cover ground extremely quickly.
You need to consume almost no food.


Message History

Found a ration.
There is a stone staircase leading up here.
Unknown command.
Unknown command.
Okay, then.
The orc misses you.
The orc priest miscasts a cantrip.
You climb upwards.
There is a stone staircase leading down here.
Unknown command.
Unknown command.
As you read the scroll labeled DONEIC EQASI, it crumbles to dust.
The creatures around you are filled with an inner flame!
It was a scroll of immolation.
The orc barely misses you. x2
The orc completely misses you.
As you read the scroll labeled RAIMUO POHIDU, it crumbles to dust.
You feel momentarily disoriented.
It was a scroll of magic mapping.
The orc hits you with a +0 hand axe. The orc hits you with a +0 mace.
The orc hits you with a +0 short sword.
You die...

#####
##############...#
.................#
##############...#
##o## #o@# ##o#
#.# ####### #.#
#..(.)# #.#
#.....# ######.#
#>....# #......#
#.(.<.# #.####.#
#.....# #.####.#


You could see 3 orcs.

Vanquished Creatures
  2 adders
  4 worms (D:2)
  2 dart slugs (D:1)
  A leopard gecko (D:3)
  2 giant cockroaches
  2 goblins (D:1)
  3 hobgoblins
  5 kobolds
  A ball python (D:1)
  3 bats
  2 frilled lizards
  5 rats
32 creatures vanquished.

Notes
Turn   | Place    | Note
-------+----------+-------------------------------------------
     0 | D:1      | Radical100 the Spriggan Earth Elementalist began the quest
                  | for the Orb.
     0 | D:1      | Reached XP level 1. HP: 9/9 MP: 5/5
   124 | D:1      | Reached XP level 2. HP: 13/13 MP: 2/6
  1528 | D:2      | Reached XP level 3. HP: 16/16 MP: 5/8
  1533 | D:2      | Learned a level 3 spell: Stone Arrow
  1836 | D:2      | You fall into a shaft and drop 2 floors!
  1946 | D:3      | Found a white marble altar of Elyvilon.
  1946 | D:3      | Noticed a killer bee
  1982 | D:2      | Found a blossoming altar of Fedhas.
  1992 | D:2      | Reached skill level 4 in Stealth
  2200 | D:2      | Found an ancient bone altar of Kikubaaqudgha.
  2317 | D:2      | Slain by an orc

Illustrated notes

Levels and vault maps discovered:
D:1:      dpeg_arrival_central, layout_basic
D:2:      layout_loops_cross, grunt_temple_overflow_growth_and_decay
D:3:      layout_basic, serial_glass, glass_columns_c, glass_columns_a,
          glass_columns_a, glass_columns_c, glass_columns_a, glass_columns_b,
          glass_columns_b, glass_columns_c, glass_columns_b, glass_columns_b,
          elyvilon_altar_5
D:4:      layout_gridville, nicolae_gozag_zags_fifth_avenue, first_ration,
          grunt_ministairs_6

Skill      XL: |  1  2  3 |
---------------+----------+-----
Spellcasting   | 3 |  3.5
Earth Magic    | 3 |  3.1
Stealth        | 4 |  4.1
Dodging        | |  3.9
Transmutations | |  1.3
Evocations     | |  0.8

Action                   || total
-------------------------++-------
Melee: Unarmed           ||     5
       Dagger            ||    18
 Fire: Hunting sling     ||    90
 Cast: Sandblast         ||    25
  Use: Scroll            ||     6
 Stab: Sleeping          ||     1
Armor: Robe              ||     3
Dodge: Dodged            ||    43

Table legend:
 A = Non-vault XP
 B = Vault XP
 C = Vault XP percentage of total XP
 D = Non-vault monster count
 E = Vault monster count
 F = Vault count percentage of total count
                 A         B        C        D         E       F
            +---------+---------+-------+---------+---------+-------
      Total |      91 |       0 |   0.0 |      32 |       0 |   0.0
            +---------+---------+-------+---------+---------+-------
        D:1 |      30 |       0 |   0.0 |      17 |       0 |   0.0
        D:2 |      45 |       0 |   0.0 |      13 |       0 |   0.0
        D:3 |       3 |       0 |   0.0 |       1 |       0 |   0.0
        D:4 |      13 |       0 |   0.0 |       1 |       0 |   0.0
            +---------+---------+-------+---------+---------+-------
